[Event "ICC tourney 2330 (75 10)"]
[Site "Internet Chess Club"]
[Date "2021.01.24"]
[Round "4"]
[White "danielcao"]
[Black "MeLikeGame"]
[Result "0-1"]
[ICCResult "White resigns"]
[WhiteElo "1110"]
[BlackElo "1384"]
[Opening "Ruy Lopez: 5.O-O"]
[ECO "C78"]
[NIC "RL.12"]
[Time "13:01:22"]
[PlyCount "84"]
[TimeControl "4500+10"]

1. e4 e5 2. Nf3 Nc6 3. Bb5 a6 4. Ba4 Nf6 5. O-O b5 6. Bb3 Bc5 7. d3 O-O 8.
Bg5 d6 9. Nc3 Be6 10. Bd5 Bd7 11. Bxc6 Bxc6 12. a3 h6 13. Bh4 Rb8 14. Nd5
Bxd5 15. exd5 Bb6 16. Nd2 Qd7 17. Bxf6 gxf6 18. Ne4 Qe7 19. Qf3 Kg7 20.
Qg4+ Kh8 21. Qh4 Kg7 22. Ng3 Qd7 23. Qh5 Rh8 24. Nf5+ Kf8 25. Nxh6 Ba5 26.
b4 Bb6 27. Qf5 Qxf5 28. Nxf5 Rh5 29. Ne3 Ke7 30. g4 Rg5 31. Nf5+ Kd7 32. h3
Rh8 33. Kg2 Rhg8 34. a4 Rxf5 35. axb5 axb5 36. c4 bxc4 37. dxc4 Rf4 38.
Rac1 f5 39. c5 fxg4 40. cxb6 gxh3+ 41. Kxh3 cxb6 42. Rb1 Rf6 { White
resigns } 0-1

[Event "ICC tourney 2330 (75 10)"]
[Site "Internet Chess Club"]
[Date "2021.01.24"]
[Round "4"]
[White "prostripe"]
[Black "anmolwarman"]
[Result "0-1"]
[ICCResult "White resigns"]
[WhiteElo "1344"]
[BlackElo "1187"]
[Opening "King's Indian: London system"]
[ECO "A45"]
[NIC "QP.03"]
[Time "13:01:55"]
[PlyCount "66"]
[TimeControl "4500+10"]

1. d4 Nf6 2. Bf4 g6 3. Nf3 Bg7 4. e3 d5 5. Nc3 O-O 6. Nb5 Na6 7. Nc3 c6 8.
Bxa6 bxa6 9. O-O a5 10. Na4 Ne4 11. c3 Re8 12. Nd2 e5 13. dxe5 Nxd2 14.
Qxd2 Bxe5 15. Bxe5 Rxe5 16. Nc5 Qd6 17. Nd3 Re8 18. Nf4 Bf5 19. Rad1 a4 20.
c4 Red8 21. cxd5 cxd5 22. Qxd5 Qxd5 23. Rxd5 Rxd5 24. Nxd5 Be6 25. Nc7 Rb8
26. Nxe6 fxe6 27. Rb1 a3 28. b3 a5 29. Rc1 a4 30. Rc3 axb3 31. axb3 a2 32.
Rc1 Rxb3 33. Ra1 Rb1+ { White resigns } 0-1

[Event "ICC tourney 2330 (75 10)"]
[Site "Internet Chess Club"]
[Date "2021.01.24"]
[Round "4"]
[White "PsychonautYogi"]
[Black "Jake000"]
[Result "1-0"]
[ICCResult "Black resigns"]
[WhiteElo "1103"]
[BlackElo "759"]
[Opening "Ponziani opening"]
[ECO "C44"]
[NIC "KP.05"]
[Time "13:01:38"]
[PlyCount "79"]
[TimeControl "4500+10"]

1. e4 e5 2. Nf3 Nc6 3. c3 d5 4. Qa4 dxe4 5. Nxe5 Bd7 6. Nxd7 Qxd7 7. Qxe4+
Be7 8. Bb5 Nf6 9. Qf3 O-O 10. O-O Bd6 11. d4 a6 12. Bxc6 bxc6 13. Bg5 Ng4
14. Bf4 Nh6 15. Bxh6 gxh6 16. Nd2 Kh8 17. Ne4 f5 18. Nxd6 cxd6 19. Qf4 Qg7
20. Qxd6 f4 21. Qe5 Rf6 22. Rae1 Rg8 23. g3 f3 24. Re4 Rgf8 25. Rf4 Rxf4
26. Qxg7+ Kxg7 27. gxf4 Rxf4 28. Re1 Rg4+ 29. Kh1 Rg2 30. Rg1 Kf6 31. Rxg2
fxg2+ 32. Kxg2 Kf5 33. Kf3 h5 34. b4 h4 35. a4 h5 36. c4 Ke6 37. Kf4 Kf6
38. b5 axb5 39. cxb5 cxb5 40. axb5 { Black resigns } 1-0

[Event "ICC tourney 2330 (75 10)"]
[Site "Internet Chess Club"]
[Date "2021.01.24"]
[Round "4"]
[White "VirginiaGuy"]
[Black "acgc"]
[Result "1-0"]
[ICCResult "Black checkmated"]
[WhiteElo "1298"]
[BlackElo "946"]
[Opening "Queen's pawn game, Chigorin variation"]
[ECO "D02"]
[NIC "QP.08"]
[Time "13:01:33"]
[PlyCount "91"]
[TimeControl "4500+10"]

1. d4 d5 2. Nf3 Nc6 3. Bf4 Bf5 4. c3 Nf6 5. h3 e6 6. e3 Bd6 7. Bxd6 cxd6 8.
Bd3 Bg6 9. O-O Qc7 10. Bb5 O-O-O 11. Nbd2 Bh5 12. Qa4 Rhe8 13. Rac1 a6 14.
Bxc6 Qxc6 15. Qxc6+ bxc6 16. g4 Bg6 17. c4 Kd7 18. cxd5 Nxd5 19. a3 Rc8 20.
h4 h5 21. g5 f6 22. Nc4 Bd3 23. Rfe1 Kd8 24. Nxd6 Rc7 25. Nxe8 Kxe8 26. Rc5
Kd7 27. Rec1 Be2 28. Kg2 f5 29. Ne5+ Ke8 30. Rxc6 Rxc6 31. Rxc6 f4 32.
Rxe6+ Kf8 33. Rd6 Nc7 34. Rd8+ Ne8 35. exf4 Bb5 36. Ra8 Ke7 37. b3 Nd6 38.
a4 Be2 39. Ra7+ Ke6 40. Rxg7 Kf5 41. f3 Kxf4 42. Rg6 Nf5 43. Rf6 Bd1 44.
Kf2 Bc2 45. b4 Bxa4 46. Nd3# { Black checkmated } 1-0

[Event "ICC tourney 2330 (75 10)"]
[Site "Internet Chess Club"]
[Date "2021.01.24"]
[Round "4"]
[White "Diyor"]
[Black "Poorvi123"]
[Result "1-0"]
[ICCResult "Black checkmated"]
[WhiteElo "1218"]
[BlackElo "752"]
[Opening "Ruy Lopez: old Steinitz defense"]
[ECO "C62"]
[NIC "RL.02"]
[Time "13:01:25"]
[PlyCount "163"]
[TimeControl "4500+10"]

1. e4 e5 2. Nf3 Nc6 3. Bb5 d6 4. h3 Nf6 5. d3 Be7 6. O-O O-O 7. Nc3 Nd4 8.
Nxd4 exd4 9. Ne2 c6 10. Bc4 d5 11. exd5 cxd5 12. Bb3 Bc5 13. Bg5 Qe7 14.
Re1 Qe5 15. Bxf6 Qxf6 16. Bxd5 Qg5 17. Bf3 Bxh3 18. Ng3 Bc8 19. Ne4 Qe5 20.
Ng3 Qf6 21. Re4 Bf5 22. Nxf5 Qxf5 23. Qe2 Qg6 24. Rg4 Qb6 25. b3 Rfe8 26.
Qd2 Bb4 27. Qg5 Qg6 28. Qxg6 fxg6 29. Bxb7 Rab8 30. Bd5+ Kf8 31. Rxd4 Bc3
32. Rf4+ Ke7 33. Rd1 Be5 34. Rf7+ Kd6 35. Bc4 Rbc8 36. Rxa7 Rf8 37. d4 Bf6
38. Ra6+ Ke7 39. Re1+ Kd8 40. Ree6 Kd7 41. Ra7+ Rc7 42. Rxc7+ Kxc7 43. d5
Bd4 44. Re2 Kd6 45. a4 Rb8 46. Re6+ Kc5 47. d6 Bf6 48. d7 h5 49. Re8 Rd8
50. Rxd8 Bxd8 51. Kf1 Kd6 52. Bf7 Kxd7 53. Bxg6 h4 54. b4 Kc6 55. Ke2 Kd5
56. Kd3 Kd6 57. a5 Kc6 58. Kc4 Kb7 59. Kb5 Ka7 60. c4 Kb7 61. c5 Ka7 62. c6
Ka8 63. Ka6 Kb8 64. b5 Kc7 65. f4 Kd6 66. Be4 g5 67. fxg5 Bxg5 68. b6 Bf4
69. Kb7 Ke5 70. Bf3 Kd6 71. c7 Kd7 72. c8=Q+ Kd6 73. Qc6+ Ke5 74. Qd5+ Kf6
75. Bg4 Bg3 76. Qe6+ Kg5 77. Qf5+ Kh6 78. Qf6+ Kh7 79. Bh5 Kg8 80. Bg6 h3
81. Qf7+ Kh8 82. Qh7# { Black checkmated } 1-0

[Event "ICC tourney 2330 (75 10)"]
[Site "Internet Chess Club"]
[Date "2021.01.24"]
[Round "4"]
[White "vidhat08"]
[Black "varunprabhu"]
[Result "0-1"]
[ICCResult "White checkmated"]
[WhiteElo "680"]
[BlackElo "691"]
[Opening "Queen's pawn game, Darooha variation "]
[ECO "D02"]
[NIC "QP.09"]
[Time "13:01:43"]
[PlyCount "86"]
[TimeControl "4500+10"]

1. Nf3 d5 2. d4 Nf6 3. g3 Nc6 4. Bg2 Bf5 5. O-O e6 6. b3 Bd6 7. Bb2 O-O 8.
Ne5 Nb4 9. Na3 Nc6 10. Nxc6 bxc6 11. e3 Qe7 12. Qc1 Ne4 13. Bxe4 Bxe4 14.
f3 Bg6 15. c4 c5 16. Nb5 cxd4 17. Nxd6 Qxd6 18. Ba3 Qe5 19. Bxf8 Rxf8 20.
exd4 Qxd4+ 21. Kh1 dxc4 22. Qxc4 Qd2 23. Qxc7 Bf5 24. Qxa7 Bh3 25. Qf2 Qh6
26. Rg1 Bf5 27. g4 Bg6 28. f4 Be4+ 29. Rg2 Bxg2+ 30. Kxg2 Qg6 31. Kg3 Qd3+
32. Qf3 Qd4 33. Rd1 Qa7 34. a4 h6 35. Qe4 Qa5 36. h3 Qc3+ 37. Qf3 Qc7 38.
Kh4 Qe7+ 39. g5 hxg5+ 40. fxg5 Qb4+ 41. Kh5 g6+ 42. Kh6 Qh4+ 43. Qh5 Qxh5#
{ White checkmated } 0-1

[Event "ICC tourney 2330 (75 10)"]
[Site "Internet Chess Club"]
[Date "2021.01.24"]
[Round "4"]
[White "Player1139"]
[Black "salamenceg"]
[Result "0-1"]
[ICCResult "White checkmated"]
[WhiteElo "259"]
[BlackElo "1080"]
[Opening "Ruy Lopez: 5.O-O"]
[ECO "C78"]
[NIC "RL.12"]
[Time "13:01:54"]
[PlyCount "80"]
[TimeControl "4500+10"]

1. e4 e5 2. Nf3 Nc6 3. Bb5 a6 4. Ba4 Nf6 5. O-O b5 6. Bb3 Bc5 7. c3 d6 8.
d4 Bb6 9. h3 exd4 10. cxd4 O-O 11. Nc3 Qe7 12. Re1 Bd7 13. Bf4 h6 14. Bc2
Nh5 15. Bh2 Qf6 16. Ne2 Ba5 17. Rf1 Rfe8 18. Ng3 Nf4 19. Nf5 Bxf5 20. exf5
Nd5 21. a4 Bb6 22. axb5 axb5 23. Bb3 Nde7 24. d5 Ne5 25. Nxe5 dxe5 26. Re1
Rxa1 27. Qxa1 Nxf5 28. Qa6 Nd6 29. Bg3 Rb8 30. Rxe5 Bxf2+ 31. Bxf2 Qxe5 32.
Ba7 Ra8 33. Qc6 Rxa7 34. Qd7 Ra1+ 35. Kf2 Qxb2+ 36. Kg3 Qxb3+ 37. Kh2 Qxd5
38. Qd8+ Kh7 39. Qxc7 Qe5+ 40. g3 Qe2# { White checkmated } 0-1

[Event "ICC tourney 2330 (75 10)"]
[Site "Internet Chess Club"]
[Date "2021.01.24"]
[Round "4"]
[White "cappyal"]
[Black "niftyfountain"]
[Result "1-0"]
[ICCResult "Black checkmated"]
[WhiteElo "624"]
[BlackElo "1357"]
[Opening "Sicilian"]
[ECO "B50"]
[NIC "SI.01"]
[Time "13:01:43"]
[PlyCount "139"]
[TimeControl "4500+10"]

1. e4 c5 2. Nf3 d6 3. Nc3 Nc6 4. Bb5 Nf6 5. d3 e6 6. Bg5 Be7 7. Qd2 a6 8.
Ba4 b5 9. Bxf6 Bxf6 10. Bb3 b4 11. Na4 Bd7 12. Rb1 O-O 13. O-O Nd4 14. Nxd4
Bxd4 15. c3 bxc3 16. Nxc3 Bf6 17. Ne2 Qb6 18. Rfd1 Bc6 19. d4 Bxe4 20. dxc5
dxc5 21. Rbc1 Rfd8 22. Qe3 Bg6 23. Rxd8+ Rxd8 24. Rxc5 Qd6 25. h3 Bxb2 26.
Ba4 Qb8 27. Rc6 Qb7 28. Rb6 Qc7 29. Rxb2 h6 30. Qb6 Qxb6 31. Rxb6 Rd2 32.
Nc3 Rd3 33. Nb1 Rd4 34. Nc3 Rd3 35. Rc6 Kf8 36. Bc2 Rd2 37. Bxg6 fxg6 38.
Rxa6 Rc2 39. Ne4 Rc4 40. f3 Kf7 41. a4 Rc1+ 42. Kh2 Ra1 43. Ra8 Ke7 44. a5
Kd7 45. a6 Kc7 46. Nc5 Kc6 47. a7 Kc7 48. Rg8 Rxa7 49. Rxg7+ Kb6 50. Rxa7
Kxa7 51. Nxe6 Kb6 52. Nf8 g5 53. Kg3 Kc7 54. Kg4 Kd6 55. Kh5 Ke7 56. Ng6+
Kf7 57. Kxh6 Kg8 58. Kxg5 Kg7 59. f4 Kg8 60. f5 Kf7 61. f6 Ke8 62. h4 Kf7
63. h5 Kg8 64. h6 Kh7 65. Nf8+ Kh8 66. Nd7 Kg8 67. h7+ Kxh7 68. f7 Kg7 69.
f8=Q+ Kh7 70. Nf6# { Black checkmated } 1-0

[Event "ICC tourney 2330 (75 10)"]
[Site "Internet Chess Club"]
[Date "2021.01.24"]
[Round "4"]
[White "raadix028"]
[Black "chesssiddu"]
[Result "0-1"]
[ICCResult "White checkmated"]
[WhiteElo "823"]
[BlackElo "1269"]
[Opening "Queen's pawn, Mason variation"]
[ECO "D00"]
[NIC "QP.08"]
[Time "13:01:55"]
[PlyCount "110"]
[TimeControl "4500+10"]

1. d4 d5 2. Bf4 Bf5 3. Nf3 Nf6 4. e3 e6 5. Nbd2 Be7 6. c3 O-O 7. Ne5 Nbd7
8. Ndf3 c5 9. Bd3 Ne4 10. Qc2 c4 11. Be2 Nxf2 12. Qc1 Nxh1 13. Qd2 Nf6 14.
Ng5 h6 15. Ngxf7 Rxf7 16. Nxf7 Kxf7 17. Bf3 Be4 18. O-O-O Qa5 19. a3 Bxa3
20. bxa3 Qxa3+ 21. Qb2 Qxb2+ 22. Kxb2 Nf2 23. Rd2 Nd3+ 24. Ka3 Nxf4 25.
exf4 Bxf3 26. gxf3 Nh5 27. f5 exf5 28. Kb4 Nf4 29. h4 Nd3+ 30. Kb5 Ke7 31.
Rg2 Kf6 32. Ka4 g5 33. hxg5+ hxg5 34. Rh2 g4 35. fxg4 fxg4 36. Rg2 Kg5 37.
Ka3 Kf4 38. Rh2 g3 39. Rg2 Kf3 40. Rg1 Kf2 41. Rb1 g2 42. Ka2 g1=Q 43. Rxg1
Kxg1 44. Kb1 a5 45. Ka2 b5 46. Kb1 b4 47. Kc2 b3+ 48. Kb1 a4 49. Ka1 a3 50.
Kb1 b2 51. Ka2 Nc1+ 52. Kb1 a2+ 53. Kc2 b1=Q+ 54. Kd2 Qd3+ 55. Kxc1 a1=Q# {
White checkmated } 0-1

[Event "ICC tourney 2330 (75 10)"]
[Site "Internet Chess Club"]
[Date "2021.01.24"]
[Round "4"]
[White "Rhinoguy"]
[Black "aWildNateDawg"]
[Result "1/2-1/2"]
[ICCResult "Game drawn by mutual agreement"]
[WhiteElo "1307"]
[BlackElo "1109"]
[Opening "Scotch game"]
[ECO "C45"]
[NIC "SO.04"]
[Time "13:01:25"]
[PlyCount "55"]
[TimeControl "4500+10"]

1. e4 e5 2. Nf3 Nc6 3. d4 exd4 4. Nxd4 Be7 5. Nxc6 dxc6 6. Qxd8+ Bxd8 7.
Nc3 Nf6 8. Bf4 O-O 9. O-O-O Be6 10. Be2 Rc8 11. Bf3 Be7 12. Rhe1 h6 13. h4
Bb4 14. Re3 Bc5 15. Re2 Bc4 16. Red2 Bb4 17. Be5 Be7 18. g4 Nh7 19. Bg3 Be6
20. Be2 Bb4 21. Rd3 Bc4 22. Rd7 Bxe2 23. Nxe2 Nf6 24. Rxc7 Rxc7 25. Bxc7
Nxg4 26. f3 Nf6 27. e5 Nd5 28. Bd6 { Game drawn by mutual agreement }
1/2-1/2

[Event "ICC tourney 2330 (75 10)"]
[Site "Internet Chess Club"]
[Date "2021.01.24"]
[Round "4"]
[White "kskariah"]
[Black "SGOLD9367"]
[Result "1/2-1/2"]
[ICCResult "Game drawn by mutual agreement"]
[WhiteElo "1359"]
[BlackElo "1210"]
[Opening "French: advance, Paulsen attack"]
[ECO "C02"]
[NIC "FR.03"]
[Time "13:01:24"]
[PlyCount "135"]
[TimeControl "4500+10"]

1. e4 e6 2. d4 d5 3. e5 c5 4. c3 Nc6 5. Nf3 Nge7 6. a3 Nf5 7. Be2 cxd4 8.
cxd4 Qb6 9. Nc3 Ncxd4 10. Nxd4 Qxd4 11. Bb5+ Bd7 12. Bxd7+ Kxd7 13. Qxd4
Nxd4 14. O-O Nb3 15. Rb1 Nxc1 16. Rfxc1 Rc8 17. b4 Be7 18. g3 Rc6 19. Nb5
a6 20. Nd4 Rxc1+ 21. Rxc1 Rc8 22. Rxc8 Kxc8 23. f4 Kc7 24. Kf2 Kb6 25. Nc2
Kb5 26. Ke3 Kc4 27. Kd2 d4 28. Ne1 Bd8 29. Kc2 Bb6 30. Nd3 a5 31. Nb2+ Kb5
32. bxa5 Bxa5 33. g4 Bc3 34. Nd3 b6 35. Kb3 Bd2 36. a4+ Ka5 37. Kc4 Bc3 38.
Kb3 Bd2 39. f5 b5 40. axb5 Kxb5 41. h3 Kc6 42. Kc4 Bc3 43. fxe6 fxe6 44.
Nc5 Ba1 45. Nxe6 d3 46. Kxd3 Bxe5 47. Ke4 Kd6 48. Ng5 Ba1 49. Nxh7 Ke6 50.
h4 Kf7 51. Kf5 g6+ 52. Kf4 Bc3 53. Ng5+ Kg7 54. Ne6+ Kf6 55. Nc5 Bd2+ 56.
Kf3 Bb4 57. Ne4+ Kg7 58. g5 Be1 59. Kg4 Bb4 60. h5 gxh5+ 61. Kxh5 Ba3 62.
g6 Bb2 63. Ng5 Bc3 64. Ne6+ Kg8 65. Kh6 Bd2+ 66. Kh5 Bc3 67. Kh6 Bd2+ 68.
Kh5 { Game drawn by mutual agreement } 1/2-1/2

[Event "ICC tourney 2330 (75 10)"]
[Site "Internet Chess Club"]
[Date "2021.01.24"]
[Round "4"]
[White "Landrade"]
[Black "Cougar2020"]
[Result "0-1"]
[ICCResult "White resigns"]
[WhiteElo "928"]
[BlackElo "1292"]
[Opening "Queen's pawn game"]
[ECO "D05"]
[NIC "QP.08"]
[Time "13:01:24"]
[PlyCount "70"]
[TimeControl "4500+10"]

1. d4 d5 2. Nf3 Nf6 3. e3 e6 4. Bd3 c6 5. Nbd2 Nbd7 6. b3 Be7 7. Bb2 O-O 8.
O-O Qc7 9. Ne5 Bd6 10. f4 c5 11. g4 g6 12. h4 cxd4 13. exd4 Qb6 14. Kg2 Qc7
15. g5 Nh5 16. Be2 Ng7 17. Rc1 Nf5 18. Kf2 Qb6 19. Ndf3 f6 20. Nxd7 Bxd7
21. c4 dxc4 22. Bxc4 Bxf4 23. Rc2 Ne3 24. Qe2 Nxc2 25. Qxc2 fxg5 26. Ba3
Rf7 27. Bc5 Qc6 28. Ke2 b5 29. Bd3 Bg3 30. Be4 Qc8 31. Bxa8 Qxa8 32. h5
gxh5 33. Qd3 g4 34. Ng5 Qg2+ 35. Kd1 Rxf1+ { White resigns } 0-1

[Event "ICC tourney 2330 (75 10)"]
[Site "Internet Chess Club"]
[Date "2021.01.24"]
[Round "4"]
[White "DanielGuan"]
[Black "vihaan2011"]
[Result "1/2-1/2"]
[ICCResult "Game drawn because neither player has mating material"]
[WhiteElo "1291"]
[BlackElo "1307"]
[Opening "QGD: exchange, positional line"]
[ECO "D35"]
[NIC "QP.08"]
[Time "13:02:17"]
[PlyCount "131"]
[TimeControl "4500+10"]

1. d4 d5 2. c4 e6 3. cxd5 exd5 4. Nc3 Nf6 5. Bg5 Nbd7 6. Nf3 h6 7. Bd2 Bb4
8. Qb3 Bxc3 9. Bxc3 Nb6 10. e3 Ne4 11. Bd3 Nxc3 12. Qxc3 O-O 13. O-O c6 14.
b4 Be6 15. b5 cxb5 16. Bxb5 Rc8 17. Qb4 a6 18. Bd3 Qc7 19. Rab1 Qc3 20.
Bxa6 bxa6 21. Qxc3 Rxc3 22. Rxb6 Ra3 23. Rb2 Rc8 24. h3 Bf5 25. Rd1 Rc2 26.
Rd2 Rc1+ 27. Kh2 Bd3 28. Ne5 Bf5 29. Nf3 Bd3 30. Rb3 Rxb3 31. axb3 Rc3 32.
Rb2 Bc2 33. b4 Ba4 34. Ng1 Rc2 35. Rxc2 Bxc2 36. Ne2 f5 37. Nc3 Bb3 38. Kg3
Kf7 39. Kf4 Kf6 40. b5 axb5 41. Nxb5 g5+ 42. Kg3 Ba4 43. Nc3 Bb3 44. Ne2
Bd1 45. Nc3 Bb3 46. f3 Kg6 47. e4 fxe4 48. fxe4 dxe4 49. Nxe4 Kf5 50. Nc3
h5 51. Kf3 Bc4 52. g4+ hxg4+ 53. hxg4+ Kf6 54. Ke4 Be6 55. Nd5+ Kf7 56. Ne3
Kf6 57. d5 Bd7 58. Kd4 Ba4 59. Ke4 Bd7 60. Nf5 Ba4 61. Ne3 Bd7 62. d6 Bxg4
63. Nxg4+ Ke6 64. d7 Kxd7 65. Kf5 Ke7 66. Kxg5 { Game drawn because neither
player has mating material } 1/2-1/2

[Event "ICC tourney 2330 (75 10)"]
[Site "Internet Chess Club"]
[Date "2021.01.24"]
[Round "5"]
[White "vihaan2011"]
[Black "cappyal"]
[Result "1-0"]
[ICCResult "Black resigns"]
[WhiteElo "1307"]
[BlackElo "624"]
[Opening "King's pawn game"]
[ECO "C50"]
[NIC "IG.03"]
[Time "16:32:01"]
[PlyCount "57"]
[TimeControl "4500+10"]

1. e4 e5 2. Nf3 Nc6 3. Bc4 h6 4. Nc3 Nf6 5. d3 Bb4 6. Bd2 d6 7. h3 Bd7 8.
Nd5 Bxd2+ 9. Qxd2 Nxd5 10. Bxd5 Qe7 11. Bxc6 Bxc6 12. a4 a5 13. O-O O-O 14.
Rfe1 b5 15. axb5 Bxb5 16. Rxa5 Rxa5 17. Qxa5 Bc6 18. d4 exd4 19. Nxd4 Bb7
20. Qb5 Rb8 21. Re3 Qe8 22. Qxe8+ Rxe8 23. f3 d5 24. e5 Rb8 25. Rb3 c5 26.
Nc6 Rc8 27. Ne7+ Kf8 28. Nxc8 Bxc8 29. Rb8 { Black resigns } 1-0

[Event "ICC tourney 2330 (75 10)"]
[Site "Internet Chess Club"]
[Date "2021.01.24"]
[Round "5"]
[White "anmolwarman"]
[Black "danielcao"]
[Result "1-0"]
[ICCResult "Black resigns"]
[WhiteElo "1187"]
[BlackElo "1110"]
[Opening "English opening"]
[ECO "A16"]
[NIC "EO.51"]
[Time "16:31:55"]
[PlyCount "79"]
[TimeControl "4500+10"]

1. c4 Nf6 2. Nc3 g6 3. Nf3 d5 4. cxd5 Nxd5 5. g3 Bg7 6. Bg2 O-O 7. O-O Bf5
8. Nxd5 Qxd5 9. Nh4 Be4 10. Nf3 Nc6 11. d3 Bxf3 12. Bxf3 Qb5 13. a3 Bxb2
14. Rb1 Nd4 15. Rxb2 Qe5 16. Bf4 Nxf3+ 17. exf3 Qxb2 18. Bxc7 Qxa3 19. Qe2
Rac8 20. Be5 Rfd8 21. d4 f6 22. Bf4 Rxd4 23. Qe6+ Kg7 24. Qxc8 Qxf3 25. Qc7
Qe4 26. Be3 Rc4 27. Qa5 Ra4 28. Qc5 Ra6 29. Re1 Kf7 30. Bd2 Rc6 31. Qa3 Ra6
32. Qb3+ Qe6 33. Rxe6 Rxe6 34. Be3 b6 35. h3 f5 36. Qa2 a5 37. Bxb6 Kf6 38.
Bd4+ Kf7 39. Bc3 a4 40. Qxa4 { Black resigns } 1-0

[Event "ICC tourney 2330 (75 10)"]
[Site "Internet Chess Club"]
[Date "2021.01.24"]
[Round "5"]
[White "salamenceg"]
[Black "prostripe"]
[Result "1-0"]
[ICCResult "Black resigns"]
[WhiteElo "1080"]
[BlackElo "1344"]
[Opening "Caro-Kann: advance variation"]
[ECO "B12"]
[NIC "CK.02"]
[Time "16:32:42"]
[PlyCount "61"]
[TimeControl "4500+10"]

1. e4 c6 2. d4 d5 3. e5 e6 4. Nf3 b6 5. c4 Ba6 6. cxd5 Bxf1 7. dxe6 Bb4+ 8.
Kxf1 fxe6 9. Qb3 Be7 10. Qxe6 Qd7 11. Qxd7+ Nxd7 12. Bg5 h6 13. Bxe7 Nxe7
14. Nc3 O-O 15. Rd1 Rad8 16. d5 Nc5 17. d6 Ng6 18. b4 Ne6 19. b5 c5 20. d7
Rf7 21. Rd6 Nef4 22. e6 Nxe6 23. Rxe6 Re7 24. Rxe7 Nxe7 25. Ne5 g5 26. Ke2
Kg7 27. Rd1 Kf6 28. Nc6 Nxc6 29. bxc6 Ke6 30. c7 Rxd7 31. c8=Q { Black
resigns } 1-0

[Event "ICC tourney 2330 (75 10)"]
[Site "Internet Chess Club"]
[Date "2021.01.24"]
[Round "5"]
[White "acgc"]
[Black "Landrade"]
[Result "0-1"]
[ICCResult "White checkmated"]
[WhiteElo "946"]
[BlackElo "928"]
[Opening "Caro-Kann defense"]
[ECO "B11"]
[NIC "CK.01"]
[Time "16:32:04"]
[PlyCount "114"]
[TimeControl "4500+10"]

1. e4 c6 2. Nc3 d5 3. exd5 cxd5 4. d4 Nc6 5. Nf3 Bg4 6. Be3 e6 7. Be2 Nf6
8. Bg5 Bd6 9. Qd2 Qb6 10. Na4 Qc7 11. h3 Ne4 12. Qe3 Nb4 13. Bd1 Bxf3 14.
gxf3 Nxg5 15. Qxg5 Nxc2+ 16. Bxc2 Qxc2 17. Nc3 Qxb2 18. Qc1 Qxc1+ 19. Rxc1
Rc8 20. O-O a6 21. Rfe1 Kd7 22. Na4 Rc6 23. Rxc6 bxc6 24. Rb1 Rb8 25. Nc5+
Kc8 26. Rc1 Bxc5 27. Rxc5 Kc7 28. Kg2 Rb4 29. Ra5 Kb6 30. Ra3 Rxd4 31. Rb3+
Kc7 32. Kg3 c5 33. f4 Rb4 34. Rc3 Kb6 35. a3 Re4 36. f3 Re1 37. Rb3+ Kc7
38. Rc3 c4 39. Kf2 Rb1 40. Ke3 Kc6 41. Kd4 f6 42. Re3 Rd1+ 43. Kc3 d4+ 44.
Kc2 dxe3 45. Kxd1 Kd5 46. Ke2 Kd4 47. a4 a5 48. f5 e5 49. h4 h5 50. f4 exf4
51. Kd1 f3 52. Ke1 Kd3 53. Kd1 f2 54. Kc1 Kc3 55. Kb1 f1=Q+ 56. Ka2 Qf2+
57. Kb1 Qb2# { White checkmated } 0-1

[Event "ICC tourney 2330 (75 10)"]
[Site "Internet Chess Club"]
[Date "2021.01.24"]
[Round "5"]
[White "Jake000"]
[Black "Diyor"]
[Result "1-0"]
[ICCResult "Black checkmated"]
[WhiteElo "759"]
[BlackElo "1218"]
[Opening "Sicilian"]
[ECO "B53"]
[NIC "SI.01"]
[Time "16:31:59"]
[PlyCount "133"]
[TimeControl "4500+10"]

1. e4 c5 2. Nf3 d6 3. d4 c4 4. Bxc4 Nc6 5. Bb5 Bd7 6. Bxc6 Bxc6 7. Nbd2 g6
8. O-O Bg7 9. c3 Nf6 10. Re1 O-O 11. Qc2 Re8 12. a4 a6 13. b4 Qc7 14. g3 e6
15. Kf1 Rac8 16. Bb2 b5 17. a5 Qb7 18. h3 Nd7 19. Rac1 f5 20. Ng1 fxe4 21.
Nxe4 Bxe4 22. Qxe4 Qxe4 23. Rxe4 Nf6 24. Re2 Rc7 25. Rce1 Rce7 26. Bc1 Nd5
27. Bb2 e5 28. dxe5 Bxe5 29. f4 Bf6 30. Rxe7 Rxe7 31. Rxe7 Nxe7 32. Kf2 Nd5
33. Ne2 Nxb4 34. cxb4 Bxb2 35. Ke3 Kf7 36. Kd3 Ke6 37. Nd4+ Bxd4 38. Kxd4
d5 39. g4 Kd6 40. g5 Ke6 41. h4 Kd6 42. Kd3 Ke6 43. Ke3 Kd6 44. Kd4 Ke6 45.
Kc5 Kf5 46. Kxd5 Kxf4 47. Kc6 Kg4 48. Kb6 Kxh4 49. Kxa6 Kxg5 50. Kb6 h5 51.
a6 h4 52. a7 h3 53. a8=Q h2 54. Qh1 Kh4 55. Kxb5 Kh3 56. Kc4 g5 57. Kd3 g4
58. Ke2 g3 59. Kf1 Kg4 60. b5 Kf5 61. b6 Ke6 62. b7 Kd7 63. b8=Q Ke7 64.
Qxg3 Kf6 65. Qhxh2 Kf5 66. Qe5+ Kg4 67. Qhh5# { Black checkmated } 1-0

[Event "ICC tourney 2330 (75 10)"]
[Site "Internet Chess Club"]
[Date "2021.01.24"]
[Round "5"]
[White "aWildNateDawg"]
[Black "VirginiaGuy"]
[Result "1/2-1/2"]
[ICCResult "Game drawn by repetition"]
[WhiteElo "1109"]
[BlackElo "1298"]
[Opening "Caro-Kann defense"]
[ECO "B10"]
[NIC "CK.01"]
[Time "16:32:17"]
[PlyCount "80"]
[TimeControl "4500+10"]

1. e4 c6 2. Nf3 d5 3. exd5 cxd5 4. d4 Nf6 5. Be2 Bf5 6. O-O e6 7. c3 Bd6 8.
Qb3 Qc7 9. h3 O-O 10. Be3 Nc6 11. Nbd2 h6 12. Qd1 Rac8 13. Nb3 Nd7 14. Bd3
Bxd3 15. Qxd3 Nf6 16. Rfe1 Bf4 17. Bxf4 Qxf4 18. Qe3 Qxe3 19. Rxe3 Ne4 20.
Nfd2 Nf6 21. Nc5 b6 22. Nd3 Ne7 23. Ne5 Nf5 24. Ree1 Nd6 25. f3 Nc4 26.
Ndxc4 dxc4 27. Ng4 Nxg4 28. hxg4 Rfd8 29. Re5 Kf8 30. Rae1 Rd5 31. Rxd5
exd5 32. Re5 Rd8 33. Kf2 f6 34. Re6 Kf7 35. Rc6 Ke7 36. Rc7+ Rd7 37. Rc8
Rd8 38. Rc7+ Rd7 39. Rc8 Rd8 40. Rc7+ Rd7 { Game drawn by repetition }
1/2-1/2

[Event "ICC tourney 2330 (75 10)"]
[Site "Internet Chess Club"]
[Date "2021.01.24"]
[Round "5"]
[White "niftyfountain"]
[Black "raadix028"]
[Result "1-0"]
[ICCResult "Black checkmated"]
[WhiteElo "1357"]
[BlackElo "823"]
[Opening "French: Tarrasch, closed variation"]
[ECO "C05"]
[NIC "FR.17"]
[Time "16:31:59"]
[PlyCount "101"]
[TimeControl "4500+10"]

1. e4 e6 2. d4 d5 3. Nd2 Nf6 4. e5 Nfd7 5. Bd3 c5 6. c3 Nc6 7. Ne2 Qb6 8.
Nf3 f6 9. exf6 Nxf6 10. O-O Bd6 11. Re1 Bd7 12. Qd2 c4 13. Bc2 Qc7 14. Nf4
Bxf4 15. Qxf4 Qxf4 16. Bxf4 O-O-O 17. Ng5 Rde8 18. Nf7 Rhf8 19. Nd6+ Kd8
20. Nxb7+ Ke7 21. Bd6+ Kf7 22. Bxf8 Kxf8 23. Nc5 Bc8 24. Ba4 Nxd4 25. cxd4
Re7 26. h3 Kf7 27. Bb5 h5 28. Ba6 Bxa6 29. Nxa6 g5 30. Nc5 a5 31. b3 g4 32.
bxc4 dxc4 33. Rac1 gxh3 34. gxh3 h4 35. Rxc4 Rc7 36. Ra4 Re7 37. Rxa5 Nd7
38. Nxd7 Rxd7 39. Re4 Kf6 40. Rxh4 Re7 41. Rah5 Rg7+ 42. Kf1 Ra7 43. Rh6+
Kf5 44. R4h5+ Ke4 45. Rxe6+ Kxd4 46. Rh4+ Kd5 47. Rg6 Rxa2 48. Rg5+ Kd6 49.
Rh6+ Kd7 50. Rg7+ Kd8 51. Rh8# { Black checkmated } 1-0